 Dungeon Crawl Stone Soup version 0.28-a0-1616-g050a50673c (webtiles) character file.

Game seed: 3442984465288688237

14088 grumblor the Blocker (level 11, 0/89 HPs)
             Began as a Mummy Fighter on Jan 22, 2022.
             Was an Initiate of Gozag.
             Slain by a skeletal warrior (16 damage)
             ... led by a skeletal warrior
             ... on level 12 of the Dungeon.
             The game lasted 00:24:35 (16155 turns).

grumblor the Blocker (Mummy Fighter)               Turns: 16155, Time: 00:24:35

Health: 0/89       AC: 21    Str: 28    XL:     11   Next: 84%
Magic:  0/11       EV:  6    Int:  7    God:    Gozag
Gold:   1306       SH: 17    Dex: 13    Spells: 10/10 levels left

rFire   . . .      SeeInvis .   p - +10 mace "Goblinbane" {vorpal, rElec rF+ rC- Str+5}
rCold   . . .      Faith    .   d - +1 tower shield
rNeg    + + +      Spirit   +   z - +4 chain mail
rPois   ∞          Reflect  .   t - +0 helmet
rElec   +          Harm     .   q - +2 cloak {rCorr}
rCorr   +          Rampage  .   o - +0 pair of gloves
Will    ++...                   b - +0 pair of boots
Stlth   ..........              h - amulet of guardian spirit
HPRegen 0.24/turn               A - ring of willpower
MPRegen 0.12/turn               (no ring)

@: no status effects
A: cold resistance 1, negative energy resistance 3, torment resistance 2, heat
vulnerability 1, no potions
a: Renounce Religion, Potion Petition, Call Merchant, Bribe Branch


You were on level 12 of the Dungeon.
You worshipped Gozag.
Gozag was most pleased with you.
You visited 2 branches of the dungeon, and saw 13 of its levels.
You also visited: Sewer and Bailey.

You collected 1447 gold pieces.
You paid 141 gold pieces to Gozag.

Inventory:

Hand Weapons
 a - a +0 war axe
 p - the +10 mace "Goblinbane" (weapon) {vorpal, rElec rF+ rC- Str+5}
   (You took it off an orc on level 4 of the Dungeon)

   It inflicts extra damage upon your enemies.
   Str:       It affects your strength (+5).
   rF:        It protects you from fire.
   rC:        It makes you vulnerable to cold.
   rElec:     It insulates you from electricity.
Missiles
 r - 5 throwing nets
 y - 3 boomerangs
 C - 3 poisoned darts
Armour
 b - a +0 pair of boots (worn)
 d - a +1 tower shield (worn)
 o - a +0 pair of gloves (worn)
 q - a +2 cloak of preservation (worn)
 t - a +0 helmet (worn)
 z - a +4 chain mail (worn)
Jewellery
 f - the amulet "Earthly Heaven" {Acrobat rCorr Dex+2}
   (You found it on level 5 of the Dungeon)

   [amulet of the acrobat]

   It increases your evasion while moving and waiting.
   Dex:       It affects your dexterity (+2).
   rCorr:     It protects you from acid and corrosion.
 h - an amulet of guardian spirit (around neck)
 A - a ring of willpower (left hand)
Wands
 i - a wand of iceblast (10) (quivered)
 j - a wand of polymorph (7)
 n - a wand of flame (29)
 v - a wand of mindburst (2)
 x - a wand of paralysis (15)
Scrolls
 c - 2 scrolls of enchant armour
 e - 3 scrolls of amnesia
 g - 2 scrolls of fog
 k - 2 scrolls of enchant weapon
 l - 8 scrolls of teleportation
 m - a scroll of summoning
 s - a scroll of blinking
 u - a scroll of identify
 w - 2 scrolls of magic mapping


   Skills:
 * Level 9.3 Fighting
 - Level 6.0 Axes
 - Level 2.0 Throwing
 - Level 6.0 Armour
 - Level 2.0 Dodging
 + Level 10.5 Shields
 * Level 5.8 Evocations


You had 10 spell levels left.
You didn't know any spells.
Your spell library contained the following spells:

 Spells                   Type           Power      Damage    Failure   Level
 Magic Dart               Conj           0%         1d3       100%        1
 Sandblast                Erth           0%         2d4       100%        1
 Summon Small Mammal      Summ           0%         N/A       100%        1
 Corpse Rot               Necr/Air       0%         N/A       100%        2
 Passwall                 Tmut/Erth      0%         N/A       100%        2
 Searing Ray              Conj           0%         2d4       100%        2
 Confusing Touch          Hex            0%         N/A       100%        3
 Conjure Flame            Conj/Fire      0%         6-21      100%        3
 Ignite Poison            Fire/Tmut/Pois 0%         N/A       100%        3
 Stone Arrow              Conj/Erth      0%         3d7       100%        3
 Dispel Undead            Necr           0%         3d6       100%        4
 Fulminant Prism          Conj/Hex       0%         3d6       100%        4
 Iskenderun's Mystic Bla  Conj/Tloc      0%         2d3       100%        4
 Leda's Liquefaction      Hex/Erth       0%         N/A       100%        4
 Petrify                  Tmut/Erth      0%         N/A       100%        4
 Sticky Flame             Conj/Fire      0%         2d3       100%        4
 Alistair's Intoxication  Tmut/Pois      0%         N/A       100%        5
 Borgnjor's Vile Clutch   Necr/Erth      0%         N/A       100%        5
 Lee's Rapid Deconstruct  Erth           0%         3d5*      100%        5
 Yara's Violent Unravell  Hex/Tmut       0%         3d3       100%        5
 Death Channel            Necr           0%         N/A       100%        6
 Eringya's Noxious Bog    Tmut/Pois      0%         N/A       100%        6
 Enfeeble                 Hex            0%         N/A       100%        7
 Malign Gateway           Summ/Tloc      0%         N/A       100%        7
 Spellforged Servitor     Conj/Summ      0%         N/A       100%        7
 Chain Lightning          Conj/Air       0%         N/A       100%        9
 Fire Storm               Conj/Fire      0%         5d1       100%        9
 Shatter                  Erth           0%         3d5*      100%        9
 Statue Form              Tmut/Erth      Unusable   N/A       N/A         6

Dungeon Overview and Level Annotations

Branches:
Dungeon (12/15)            Temple (1/1) D:4            Lair (0/6) D:11
    Orc (0/2) D:10          Sewer (visited)          Bailey (visited)

Altars:
Ashenzari
Cheibriados
Dithmenos
Elyvilon
Fedhas
Gozag
Hepliaklqana
Kikubaaqudgha
Makhleb
Nemelex Xobeh
Okawaru
Qazlal
Ru
Sif Muna
Trog
Uskayaw
Vehumet
Wu Jian
Xom
Yredelemnul
Zin
The Shining One
Beogh


Innate Abilities, Weirdness & Mutations

You are immune to poison.
Your flesh is cold resistant. (rC+)
You are immune to negative energy. (rN+++)
You are immune to unholy pain and torment.
You are vulnerable to heat. (rF-)
You do not drink.


Message History

The skeletal warrior hits you but does no damage.
You sock the skeletal warrior!
The skeletal warrior is heavily damaged.
You block the skeletal warrior's attack.
The skeletal warrior completely misses you.
You hit the skeletal warrior.
The skeletal warrior is heavily damaged.
The skeletal warrior hits you but does no damage.
You closely miss the skeletal warrior.
The skeletal warrior is heavily damaged.
You block the skeletal warrior's attack. x2
You closely miss the skeletal warrior.
The skeletal warrior is heavily damaged.
The skeletal warrior hits you with a +0 hand axe. x2
You hit the skeletal warrior.
The skeletal warrior is heavily damaged.
The skeletal warrior hits you with a +0 hand axe.
You closely miss the skeletal warrior.
The skeletal warrior is heavily damaged.
The skeletal warrior hits you with a +0 hand axe!
You barely miss the skeletal warrior.
The skeletal warrior is heavily damaged.
You block the skeletal warrior's attack. x2
You hit the skeletal warrior but do no damage.
The skeletal warrior is heavily damaged.
You block the skeletal warrior's attack. x2
You hit the skeletal warrior.
The skeletal warrior is severely damaged.
The skeletal warrior hits you with a +0 hand axe!
* * * LOW HITPOINT WARNING * * *
You closely miss the skeletal warrior.
The skeletal warrior is heavily damaged.
The skeletal warrior hits you but does no damage.
The skeletal warrior hits you with a +0 hand axe.
* * * LOW HITPOINT WARNING * * *
You hit the skeletal warrior.
The skeletal warrior is severely damaged.
The skeletal warrior hits you with a +0 hand axe!!
You die...
Your body crumbles into a pile of gold.

#..........##
#.....8.....##
#.....8......
#..........#
..8888}888.#
..8888.888.###
#.)...........
#.#.##.############.#
#.#.............@zz.#
#......#####...####.#
###.########.#.####.
#.................
#########.##.#####
#.................
#.#######.#.######
#.# #.#.#
#.#######.#.#


You could see 2 skeletal warriors.

Vanquished Creatures
  A hydra (D:11)
  Erolcha (D:10)
  5 two-headed ogres
  Erica (D:10)
  An oklob plant (D:11)
  A wizard (D:10)
  Joseph (D:10)
  A kobold demonologist (D:12)
  A komodo dragon (D:10)
  A troll (D:11)
  Prince Ribbit (D:8)
  4 yaks (D:10)
  A wyvern (D:7)
  3 wraiths
  Eustachio (D:5)
  2 steam dragons
  4 vampire mosquitoes
  The ghost of IdlyInterested the Chopper, an amateur DsWn (D:4)
  Menkaure (D:4)
  4 wargs (D:10)
  An acid dragon (D:8)
  3 orc warriors
  A sky beast (D:7)
  2 ice beasts
  2 black bears (D:8)
  A necrophage (D:7)
  2 centaurs
  5 wolves (Bailey)
  A kobold brigand (D:8)
  9 gnoll sergeants (Bailey)
  A wyvern zombie (D:9)
  4 scorpions
  A wyvern skeleton (D:5)
  17 killer bees
  An electric eel (D:6)
  4 howler monkeys
  2 jellies
  3 centaur zombies
  4 hounds
  Crazy Yiuf (D:5)
  5 gnoll shamans (Bailey)
  3 orc priests
  A centaur skeleton (D:7)
  A bullfrog skeleton (D:7)
  4 iguanas
  6 orc wizards
  Natasha (twice) (D:4)
  6 adders
  11 gnolls (Bailey)
  2 river rats
  2 white imps
  An ufetubus (D:4)
  An adder skeleton (D:5)
  2 worms (D:3)
  2 dart slugs (D:2)
  26 orcs
  7 ball pythons
  6 bats (D:1)
  4 endoplasms
  A giant cockroach (D:2)
  5 hobgoblins
  7 jackals (D:2)
  4 quokkas
  7 frilled lizards
  8 goblins
  13 kobolds
  12 rats
250 creatures vanquished.

Vanquished Creatures (others)
  11 fungi (D:7)
11 creatures vanquished.

Grand Total: 261 creatures vanquished

Notes
Turn   | Place    | Note
-------+----------+-------------------------------------------
     0 | D:1      | grumblor the Mummy Fighter began the quest for the Orb.
     0 | D:1      | Reached XP level 1. HP: 18/18 MP: 1/1
   594 | D:1      | Reached XP level 2. HP: 17/24 MP: 2/2
  1083 | D:1      | Found a faded altar of an unknown god.
  1212 | D:2      | Reached XP level 3. HP: 29/29 MP: 3/3
  1943 | D:2      | Reached XP level 4. HP: 35/35 MP: 4/4
  2013 | D:2      | Reached skill level 1 in Dodging
  2143 | D:2      | Reached skill level 3 in Shields
  3512 | D:4      | Noticed a scorpion
  3517 | D:4      | Killed a scorpion
  3518 | D:4      | Reached XP level 5. HP: 36/42 MP: 5/5
  3851 | D:4      | Found a glowing drain.
  3855 | Sewer    | Entered a sewer
  4535 | D:4      | Got the Disquisition on Quantum Earth
  4537 | D:4      | Noticed Natasha
  4549 | D:4      | Killed Natasha
  4550 | D:4      | Reached XP level 6. HP: 23/48 MP: 6/6
  4558 | D:4      | Reached skill level 1 in Throwing
  4905 | D:4      | Found a staircase to the Ecumenical Temple.
  4906 | D:4      | Noticed Menkaure
  4913 | D:4      | Killed Menkaure
  4914 | D:4      | Reached skill level 1 in Evocations
  4923 | Temple   | Entered the Ecumenical Temple
  5363 | D:4      | Found a runed translucent gate.
  5364 | D:4      | Found a runed translucent gate.
  5364 | D:4      | Noticed IdlyInterested's ghost (amateur DsWn)
  5365 | D:4      | Found a runed translucent gate.
  5366 | D:4      | Identified the +10 mace "Goblinbane" {vorpal, rElec rF+ rC-
                  | Str+5}
  5487 | D:4      | Noticed Natasha
  5493 | D:4      | Killed Natasha
  5562 | D:4      | Reached XP level 7. HP: 37/54 MP: 7/7
  5569 | D:4      | Killed IdlyInterested's ghost
  5951 | D:5      | Entered Level 5 of the Dungeon
  6001 | D:5      | Noticed Eustachio
  6019 | D:5      | Killed Eustachio
  6020 | D:5      | Reached skill level 4 in Shields
  6020 | D:5      | Identified the amulet "Earthly Heaven" {Acrobat rCorr
                  | Dex+2}
  6177 | D:5      | Found an ornate altar of the Wu Jian Council.
  6523 | D:5      | Got Qateel's Disquisition on Earthen Calling
  6671 | D:5      | Reached XP level 8. HP: 54/61 MP: 8/8
  6855 | D:5      | Found a runed translucent door.
  6856 | D:5      | Noticed Crazy Yiuf
  6926 | D:5      | Killed Crazy Yiuf
  7396 | D:6      | Reached skill level 5 in Shields
  7553 | D:6      | Found a bloodstained altar of Trog.
  7860 | D:6      | Reached skill level 5 in Fighting
  7860 | D:6      | Reached skill level 5 in Armour
  8165 | D:7      | Reached XP level 9. HP: 51/68 MP: 9/9
  8340 | D:7      | Reached skill level 6 in Shields
  8361 | D:7      | Found a basalt altar of Yredelemnul.
  8671 | D:7      | Identified the +9 quarterstaff of the Evil Eye {flame,
                  | Int+4}
  8761 | D:7      | Found a sparkling altar of Nemelex Xobeh.
  8927 | D:8      | Found a hazy altar of Hepliaklqana.
  9162 | D:8      | Reached skill level 7 in Shields
  9563 | D:8      | Noticed Prince Ribbit
  9575 | D:8      | Killed Prince Ribbit
 10478 | D:9      | Found an opulent altar of Gozag.
 10490 | D:9      | Became a worshipper of Gozag Ym Sagoz the Greedy
 10567 | D:9      | Noticed a two-headed ogre
 10575 | D:9      | Killed a two-headed ogre
 10576 | D:9      | Reached XP level 10. HP: 30/77 MP: 10/10
 11419 | D:10     | Entered Level 10 of the Dungeon
 11419 | D:10     | Noticed Joseph
 11436 | D:10     | Noticed a two-headed ogre
 11440 | D:10     | Reached skill level 8 in Shields
 11442 | D:10     | HP: 1/77 [two-headed ogre (9)]
 11444 | D:10     | Found a flagged portal.
 11444 | D:10     | Noticed Erica
 11445 | D:10     | Noticed Erolcha
 11701 | D:10     | Killed Joseph
 11886 | D:10     | Killed Erica
 11895 | D:10     | Killed a two-headed ogre
 11896 | D:10     | Reached skill level 5 in Axes
 11927 | D:10     | Killed Erolcha
 11928 | D:10     | Reached skill level 9 in Shields
 11941 | Bailey   | Entered a bailey
 12625 | Bailey   | HP: 1/80 [wolf (6)]
 12630 | Bailey   | Reached XP level 11. HP: 2/86 MP: 0/11
 13820 | D:10     | Reached skill level 5 in Evocations
 14133 | D:10     | Found a sacrificial altar of Ru.
 14343 | D:10     | Noticed a wizard
 14350 | D:10     | Killed a wizard
 14403 | D:10     | Found a staircase to the Orcish Mines.
 14653 | D:11     | Noticed a two-headed ogre
 14662 | D:10     | Killed a two-headed ogre
 14797 | D:11     | Noticed an oklob plant
 14801 | D:11     | Found a staircase to the Lair.
 14811 | D:11     | Killed an oklob plant
 15034 | D:11     | Noticed a two-headed ogre
 15042 | D:11     | Killed a two-headed ogre
 15043 | D:11     | Reached skill level 10 in Shields
 15093 | D:11     | Noticed a four-headed hydra
 15103 | D:11     | Killed a four-headed hydra
 15451 | D:11     | Noticed a two-headed ogre
 15462 | D:11     | Killed a two-headed ogre
 16134 | D:12     | Noticed a skeletal warrior
 16140 | D:12     | Noticed a skeletal warrior
 16155 | D:12     | Slain by a skeletal warrior

Illustrated notes

Levels and vault maps discovered:
D:1:      evilmike_arrival_fibonacci_small, layout_basic,
          shapermc_ecumenical_altar_mp_vishouse
D:2:      layout_basic, minmay_misc_feat_roman
D:3:      layout_rooms
D:4:      layout_basic, minmay_temple_entry_large_hall,
          biasface_ghost_orc_armoury, gup_sewer_entry_bowl, uniq_natasha,
          uniq_menkaure
D:5:      layout_basic, nzn_wu_jian_council_hall, uniq_crazy_yiuf_cottage,
          uniq_eustachio
D:6:      layout_loops_ring, lightli_temple_of_fire,
          minmay_misc_feat_four_crosses, kennysheep_cross_bottleneck,
          minmay_misc_feat_x
D:7:      layout_loops_cross, nemelex_spade_bored_becter,
          mainiacjoe_overflow_cross_hatched
D:8:      layout_basic, mainiacjoe_overflow_tiny_flanked,
          chequers_serial_rivers_micro_d, uniq_prince_ribbit1
D:9:      layout_irregular_city, nicolae_gozag_seed_capital
D:10:     layout_basic, mainiacjoe_overflow_chevrons,
          minmay_orc_entry_guard_dogs, enter_bailey_5, uniq_erolcha, uniq_erica,
          uniq_joseph
D:11:     layout_small_grid, dpeg_oklobed_lair
D:12:     layout_basic, hellmonk_bongcloud_opening, nicolae_shop_firing_range
Temple:   regret_index_temple_generic_petals

Skill      XL: |  1  2  3  4  5  6  7  8  9 10 11 |
---------------+----------------------------------+-----
Axes           | 2 3 4 5 6 |  6.0
Dodging        | 1 2 |  2.0
Shields        | 3 4 5 7 9 10 | 10.5
Fighting       | 4 5 6 8 9 |  9.3
Throwing       | 1 2 |  2.0
Armour         | 3 5 6 |  6.0
Evocations     | 1 2 3 4 5 |  5.8

Action                   |  1- 3 |  4- 6 |  7- 9 | 10-12 || total
-------------------------+-------+-------+-------+-------++-------
Melee: War axe           |   110 |   164 |    16 |       ||   290
       Mace              |       |       |   225 |   317 ||   542
Throw: Dart              |       |       |     6 |    23 ||    29
       Throwing net      |       |       |       |     6 ||     6
Evoke: Wand              |       |     2 |       |    30 ||    32
  Use: Scroll            |     3 |     1 |     6 |     9 ||    19
 Stab: Paralysed         |       |       |       |     3 ||     3
       Distracted        |       |       |       |     2 ||     2
Armor: Scale mail        |    61 |       |       |       ||    61
       Chain mail        |    18 |    94 |   206 |   243 ||   561
Dodge: Dodged            |    40 |    29 |    96 |    79 ||   244
Block: Tower shield      |    89 |   135 |   310 |   403 ||   937
       Buckler           |     5 |       |       |       ||     5

Table legend: (Time is in decaauts)
 A = Elapsed time spent in this place.
 B = Non-inter-level travel time spent in this place.
 C = Inter-level travel time spent in this place.
 D = Time resting spent in this place.
 E = Time spent auto-exploring this place.
 F = Levels seen in this place.
 G = Mean time per level.
                   A        B        C        D        E       F      G
               +--------+--------+--------+--------+--------+-----+--------+
         Total |  16770 |  16187 |    583 |   3569 |   9798 |  15 | 1118.0 |
       Dungeon |  13893 |  13327 |    566 |   2200 |   8851 |  12 | 1157.8 |
        Temple |    293 |    277 |     16 |      0 |    269 |   1 |  293.0 |
         Sewer |    672 |    672 |      0 |      0 |    480 |   1 |  672.0 |
        Bailey |   1911 |   1911 |      0 |   1369 |    197 |   1 | 1911.0 |
               +--------+--------+--------+--------+--------+-----+--------+

Top non-repeatable levels by time:
  Bailey: 1911 daAuts
     D:4: 1699 daAuts
     D:2: 1534 daAuts
    D:10: 1476 daAuts
    D:11: 1321 daAuts
     D:8: 1320 daAuts
     D:9: 1161 daAuts
     D:1: 1146 daAuts
     D:5: 1108 daAuts
     D:6: 1090 daAuts
     D:7: 923 daAuts
     D:3: 906 daAuts
   Sewer: 672 daAuts
  Temple: 293 daAuts
    D:12: 202 daAuts
